 Dungeon Crawl Stone Soup version 0.22-a0-558-gc224181 (webtiles) character file.

463250 MothsLongingForFire the Apostle (level 24, -7/235 HPs)
             Began as a Hill Orc Monk on June 27, 2018.
             Was a High Priest of Beogh.
             Mangled by an acid blob (24 damage)
             ... on level 4 of the Pits of Slime.
             The game lasted 04:51:44 (70902 turns).

MothsLongingForFire the Apostle (Hill Orc Monk)    Turns: 70902, Time: 04:51:45

Health: -7/235     AC: 18    Str: 24    XL:     24   Next: 20%
Magic:  36/40      EV: 12    Int: 14    God:    Beogh [*****.]
Gold:   272        SH: 23    Dex: 28    Spells: 23/23 levels left

rFire    . . .     SeeInvis +   b - +8 broad axe (elec)
rCold    + + +     Gourm    .   B - +5 shield {reflect}
rNeg     . . .     Faith    .   i - +4 gold dragon scales
rPois    +         Spirit   .   Z - +0 helmet of Death Resistance {*Drain Regen+ Dex+4}
rElec    +         Reflect  +   M - scarf {cloud immunity}
rCorr    +         Harm     .   G - +2 pair of gloves of the Vanishing Hells {MR+ Dex+7 SInv}
MR       +++..                  W - +1 pair of boots
Stlth    ..........             p - amulet "Jyuvvopi" {+Rage rC+ MR+ Int+4 Slay+2}
HPRegen  0.89/turn              R - ring of resist corrosion
MPRegen  0.27/turn              t - ring "Jeratze" {Ice rElec Dex+3 Slay+2 Stlth+}

@: corroded
A: walk on water
}: 3/15 runes: barnacled, silver, gossamer
a: Smiting, Recall Orcish Followers, Give Item to Named Follower, Renounce
Religion, Evoke Berserk Rage


You were on level 4 of the Pits of Slime.
You worshipped Beogh.
Beogh was extremely pleased with you.
You were very full.

You visited 9 branches of the dungeon, and saw 47 of its levels.
You visited 1 bazaar.
You also visited: Bailey and Ice Cave.

You collected 6498 gold pieces.
You spent 6226 gold pieces at shops.


   Skills:
 + Level 23.1 Fighting
 * Level 16.3 Axes
 - Level 12.5 Armour
 - Level 10.0 Dodging
 - Level 1.5 Stealth
 + Level 20.5 Shields
 * Level 26.7 Invocations
 - Level 8.0 Evocations


You had 23 spell levels left.
You didn't know any spells.
Your spell library contained the following spells:

 Spells                   Type           Power        Failure   Level  Hunger
 Cause Fear               Hex            #.........   100%        4    #####..
 Magic Dart               Conj           #...         100%        1    ##.....
 Fireball                 Conj/Fire      #.........   100%        5    ######.
 Apportation              Tloc           #.....       100%        1    ##.....
 Conjure Flame            Conj/Fire      #.......     100%        3    ####...
 Bolt of Fire             Conj/Fire      #.........   100%        6    #######
 Bolt of Magma            Conj/Fire/Erth #.........   100%        5    ######.
 Slow                     Hex            #.......     100%        2    ###....
 Invisibility             Hex            #.......     100%        6    #######
 Throw Flame              Conj/Fire      #.....       100%        2    ###....
 Throw Frost              Conj/Ice       #.....       100%        2    ###....
 Mephitic Cloud           Conj/Pois/Air  #.......     100%        3    ####...
 Venom Bolt               Conj/Pois      #.........   100%        5    ######.
 Olgreb's Toxic Radiance  Pois           #.......     100%        4    #####..
 Teleport Other           Tloc           #.......     100%        3    ####...
 Summon Small Mammal      Summ           #...         100%        1    ##.....
 Blink                    Tloc           N/A          100%        2    ###....
 Iskenderun's Mystic Bla  Conj           #.......     100%        4    #####..
 Animate Skeleton         Necr           N/A          100%        1    ##.....
 Freeze                   Ice            #...         100%        1    ##.....
 Sticky Flame             Conj/Fire      #.......     100%        4    #####..
 Summon Ice Beast         Ice/Summ       #.......     100%        4    #####..
 Ozocubu's Armour         Chrm/Ice       #.......     100%        3    ####...
 Call Imp                 Summ           #.......     100%        2    ###....
 Sting                    Conj/Pois      #...         100%        1    ##.....
 Sublimation of Blood     Necr           #.........   100%        2    ###....
 Tukima's Dance           Hex            #.......     100%        3    ####...
 Summon Demon             Summ           #.........   100%        5    ######.
 Iron Shot                Conj/Erth      #.........   100%        6    #######
 Stone Arrow              Conj/Erth      #.....       100%        3    ####...
 Statue Form              Tmut/Erth      #........    100%        6    #######
 Dragon Form              Tmut           #.........   100%        7    #######
 Death Channel            Necr           #.........   100%        6    #######
 Deflect Missiles         Chrm/Air       #.........   100%        6    #######
 Throw Icicle             Conj/Ice       #.......     100%        4    #####..
 Confusing Touch          Hex            #.....       100%        1    ##.....
 Flame Tongue             Conj/Fire      #....        100%        1    ##.....
 Passwall                 Tmut/Erth      #.......     100%        2    ###....
 Ignite Poison            Fire/Tmut/Pois #.......     100%        3    ####...
 Call Canine Familiar     Summ           #.......     100%        3    ####...
 Summon Butterflies       Summ           #.......     100%        1    ##.....
 Silence                  Hex/Air        #.........   100%        5    ######.
 Shatter                  Erth           #.........   100%        9    #######
 Alistair's Intoxication  Tmut/Pois      #.......     100%        5    ######.
 Lee's Rapid Deconstruct  Erth           #.........   100%        5    ######.
 Sandblast                Erth           #.....       100%        1    ##.....
 Petrify                  Tmut/Erth      #.......     100%        4    #####..
 Passage of Golubria      Tloc           N/A          100%        4    #####..
 Orb of Destruction       Conj           #.........   100%        7    #######
 Leda's Liquefaction      Hex/Erth       #.........   100%        4    #####..
 Summon Hydra             Summ           #.........   100%        7    #######
 Shroud of Golubria       Chrm/Tloc      #.........   100%        2    ###....
 Inner Flame              Hex/Fire       #.......     100%        3    ####...
 Iskenderun's Battlesphe  Conj/Chrm      #.......     100%        5    ######.
 Fulminant Prism          Conj/Hex       #.........   100%        4    #####..
 Dazzling Spray           Conj/Hex       #.....       100%        3    ####...
 Force Lance              Conj/Tloc      #.......     100%        4    #####..
 Searing Ray              Conj           #.....       100%        2    ###....
 Discord                  Hex            #.........   100%        8    #######
 Summon Lightning Spire   Summ/Air       #.......     100%        4    #####..
 Dragon's Call            Summ           #.........   100%        9    #######
 Spellforged Servitor     Conj/Summ      #.........   100%        7    #######
 Summon Mana Viper        Hex/Summ       #.......     100%        5    ######.
 Irradiate                Conj/Tmut      #.........   100%        5    ######.
 Gell's Gravitas          Tloc           #.........   100%        3    ####...
 Yara's Violent Unravell  Hex/Tmut       #.........   100%        5    ######.
 Lesser Beckoning         Tloc           #.........   100%        3    ####...
 Poisonous Vapours        Pois/Air       #.....       100%        2    ###....

Inventory:

Hand Weapons
 a - the +8 war axe of Conservatism {chop, rF++ Int-4 Stlth+}
   (You found it on level 5 of the Dungeon)

   It inflicts extra damage upon your enemies.
   It affects your intelligence (-4).
   It greatly protects you from fire.
   It makes you more stealthy.
 b - a +8 broad axe of electrocution (weapon)
 f - the +12 halberd of Conscience {holy, +Inv +Fly rF- Dex+2}
   (You found it on level 8 of the Dungeon)

   It has been blessed by the Shining One to cause great damage to the undead
   and demons.
   It affects your dexterity (+2).
   It makes you vulnerable to fire.
   It lets you turn invisible.
   It lets you fly.
Missiles
 u - 13 javelins of penetration (quivered)
 w - 17 throwing nets {=f}
Armour
 i - +4 gold dragon scales (worn)
 B - a +5 shield of reflection (worn)
 G - the +2 pair of gloves of the Vanishing Hells (worn) {MR+ Dex+7 SInv}
   (You found it on level 4 of the Depths)

   It affects your dexterity (+7).
   It affects your resistance to hostile enchantments.
   It lets you see invisible.
 M - a scarf of cloud immunity (worn)
 W - a +1 pair of boots (worn)
 Z - the +0 helmet of Death Resistance (worn) {*Drain Regen+ Dex+4}
   (You bought it in a shop on level 2 of the Orcish Mines)

   It affects your dexterity (+4).
   It increases your rate of regeneration.
   It causes draining when unequipped.
Jewellery
 p - the amulet "Jyuvvopi" (around neck) {+Rage rC+ MR+ Int+4 Slay+2}
   (You bought it in a shop on level 6 of the Dungeon)

   [amulet of rage]

   It affects your intelligence (+4).
   It affects your accuracy and damage with ranged weapons and melee attacks
   (+2).
   It protects you from cold.
   It affects your resistance to hostile enchantments.
   It lets you go berserk.
 t - the ring "Jeratze" (right hand) {Ice rElec Dex+3 Slay+2 Stlth+}
   (You bought it in a shop on level 5 of the Depths)

   [ring of ice]

   It enhances your ice magic.
   It affects your dexterity (+3).
   It affects your accuracy and damage with ranged weapons and melee attacks
   (+2).
   It makes you vulnerable to fire.
   It protects you from cold.
   It insulates you from electricity.
   It makes you more stealthy.
 C - an uncursed ring of protection from cold
 H - the ring "Vaobuca" {+Fly rN+ Str+3 Stlth+}
   (You bought it in a shop on level 5 of the Depths)

   [ring of flight]

   It affects your strength (+3).
   It protects you from negative energy.
   It lets you fly.
   It makes you more stealthy.
 N - an uncursed ring of positive energy
 R - a ring of resist corrosion (left hand)
Wands
 l - a wand of iceblast (12)
 r - a wand of clouds (5)
 D - a wand of paralysis (22)
 E - a wand of acid (18)
 P - a wand of digging (20)
 S - a wand of scattershot (14)
Scrolls
 c - a scroll of fear
 g - a scroll of summoning
 j - 5 scrolls of magic mapping
 x - 16 scrolls of teleportation {@r4}
 y - a scroll of holy word
 I - 5 scrolls of identify {@r1}
 U - 4 scrolls of fog
 X - 15 scrolls of remove curse {@r2}
Potions
 d - 5 potions of ambrosia
 e - 9 potions of might
 h - 6 potions of agility
 k - 11 potions of curing {@q1}
 m - 5 potions of berserk rage {!q}
 n - 10 potions of lignification {!q}
 o - 7 potions of invisibility
 q - 3 potions of resistance
 z - 2 potions of haste {@q3}
 A - 5 potions of mutation {!q}
 F - 2 potions of heal wounds {@q2}
 Q - 5 potions of flight
 T - 4 potions of magic
Miscellaneous
 s - a phantom mirror
 v - a lightning rod (4/4)
Comestibles
 O - 66 rations {@e1}

Dungeon Overview and Level Annotations

Branches:
Dungeon (15/15)            Temple (0/1) D:7            Lair (6/6) D:10
 Shoals (4/4) Lair:2       Spider (4/4) Lair:4        Slime (5/5) Lair:6
    Orc (2/2) D:11            Elf (1/3) Orc:2        Vaults (5/5) D:13
  Crypt (0/3) Vaults:2     Depths (5/5) D:15            Zot (0/5) Depths:5

Altars:
Ashenzari
Dithmenos
Fedhas
Hepliaklqana
Sif Muna
Trog
Uskayaw
Vehumet
Xom
Yredelemnul
Zin
The Shining One
Beogh

Shops:
D:6 !*=:%   Orc:1 [   Orc:2 :*[:   Vaults:4 *   Vaults:5 }}[   Depths:2 [
Depths:5 ==}

Portals:
Hell: Depths:1 Depths:2 Depths:3 Depths:4 Depths:5
Abyss: Depths:4 Depths:5
Pandemonium: Depths:1 Depths:3
Ziggurat: Depths:1
Trove: D:13 (give 4 scrolls of blinking)

Annotations:
D:2 exclusion: downstairs
D:6 exclusion: downstairs
D:10 urug

.#..........##... .
#...............#..
##.................
.#............#.....
.............#.#....
....#...........#...
............<.......
......J.J...........
.......@J...........
.....>J...........#.
.................##
..#.........##..## .
##.#..##.## ###
#########


You could see 3 acid blobs and a slime creature.


Message History

You are splashed with acid!
The acid burns!
You resist.
* * * LOW HITPOINT WARNING * * *
The slime creature hits you but does no damage.
You climb upwards.
There is a stone staircase leading down here.
Press: ? - help, v - describe, . - travel
Here: an acid blob (heavily wounded)
The floor.
Unknown command.
Put on which piece of jewellery? (? for menu, Esc to quit)
Okay, then.
Unknown command.
As you read the scroll of fear, it crumbles to dust.
You assume a fearsome visage.
The acid blob resists with almost no effort.
The slime creature resists with some effort.
The acid blob resists with almost no effort. x2
The acid blob spits acid at you. The splash of acid hits you! You resist.
* * * LOW HITPOINT WARNING * * *
You are splashed with acid!
The acid burns!
You resist.
* * * LOW HITPOINT WARNING * * *
You block the acid blob's attack. The acid blob spits acid at you.
The splash of acid hits you! You resist.
* * * LOW HITPOINT WARNING * * *
You are splashed with acid!
The acid burns!
You resist.
* * * LOW HITPOINT WARNING * * *
You block the slime creature's attack. The acid blob hits you!!
You die...

Skill      XL: |  1  2  3  4  5  6  7  8  9 10 11 12 13 14 15 16 17 18 19 20 21 22 23 |
---------------+----------------------------------------------------------------------+-----
Fighting       | 4 5 6 7 9 10 11 12 14 15 16 17 18 19 20 21 22 23 | 23.1
Axes           | 5 6 7 8 9 11 13 14 16 | 16.3
Invocations    | 2 4 5 8 9 11 12 14 15 16 18 20 21 22 23 24 26 | 26.7
Shields        | 4 6 8 10 12 13 14 15 16 17 18 19 20 | 20.5
Armour         | 4 7 9 11 12 | 12.5
Dodging        | 3 4 5 7 8 9 10 | 10.0
Evocations     | 6 8 |  8.0
Stealth        | |  1.5

Action                   |  1- 3 |  4- 6 |  7- 9 | 10-12 | 13-15 | 16-18 | 19-21 | 22-24 || total
-------------------------+-------+-------+-------+-------+-------+-------+-------+-------++-------
Melee: Hand axe          |   115 |   156 |    82 |       |       |       |       |       ||   353
       War axe           |       |       |   127 |   387 |   951 |  1052 |  1508 |   711 ||  4736
       Halberd           |       |       |    39 |       |       |       |    37 |       ||    76
       Scimitar          |       |       |       |     7 |    31 |     2 |       |       ||    40
       Broad axe         |       |       |       |       |       |       |       |    60 ||    60
Throw: Javelin           |       |     8 |     9 |     3 |     6 |     7 |       |       ||    33
       Stone             |       |       |     9 |       |       |       |       |       ||     9
Invok: Convert to Beogh  |       |     1 |       |       |       |       |       |       ||     1
       Smiting           |       |       |     2 |     5 |     9 |    18 |     8 |    16 ||    58
       Recall Orcish Fol |       |       |       |     5 |    11 |    10 |    17 |     3 ||    46
       Give Item to Name |       |       |       |     1 |     2 |     3 |     3 |     1 ||    10
       Stop Recall       |       |       |       |       |     2 |     5 |     7 |     3 ||    17
       Resurrection      |       |       |       |       |     1 |     1 |     1 |     1 ||     4
 Abil: Evoke Berserk Rag |       |     5 |       |       |       |       |     1 |       ||     6
       Evoke Flight      |       |       |     2 |       |       |       |       |       ||     2
       Evoke Invisibilit |       |       |       |       |       |       |     4 |       ||     4
Evoke: Wand              |       |       |    16 |     4 |     2 |       |     9 |       ||    31
       Lightning rod     |       |       |       |       |       |     3 |       |       ||     3
  Use: Scroll            |       |     5 |    10 |     7 |     9 |     8 |     7 |    12 ||    58
       Potion            |       |     1 |       |       |     5 |     1 |     6 |       ||    13
 Stab: Sleeping          |     2 |       |     2 |    15 |     1 |       |       |       ||    20
       Paralysed         |       |       |    19 |     2 |     4 |       |     5 |       ||    30
       Distracted        |       |       |       |    11 |    11 |     4 |    14 |     4 ||    44
       Invisible         |       |       |       |       |       |       |     8 |       ||     8
  Eat: Chunk             |     3 |    11 |     7 |    25 |    34 |    26 |    30 |    11 ||   147
       Ration            |       |       |     2 |       |     4 |     6 |     6 |     9 ||    27
Armor: Leather armour    |     4 |       |       |       |       |       |       |       ||     4
       Ring mail         |    31 |    36 |    54 |       |       |       |       |       ||   121
       Scale mail        |       |       |    12 |       |       |       |       |       ||    12
       Plate armour      |       |       |    23 |       |    81 |       |       |       ||   104
       Steam dragon scal |       |       |       |   118 |    49 |       |       |       ||   167
       Chain mail        |       |       |       |       |   321 |   388 |   493 |   211 ||  1413
       Gold dragon scale |       |       |       |       |       |       |       |   108 ||   108
Dodge: Dodged            |    75 |    75 |    80 |   133 |   214 |   284 |   495 |   342 ||  1698
Block: Shield            |       |       |       |   195 |   572 |   743 |  1606 |   906 ||  4022
       Reflection        |       |       |       |       |       |    26 |   178 |    96 ||   300
       Rpst.: Scimitar   |       |       |       |     1 |     2 |       |       |       ||     3

Vault maps used:
D:1:      tarquinn_simple_flora_water_e
D:2:      lemuel_round_altar, first_ration
D:3:      fedhas_altar_fruit_tree, uniq_jessica
D:4:      tgw_trog, serial_shops, nicolae_shop_stone
D:6:      nicolae_overflow_hidden_temple, serial_shops, shop, shop, shop_coins,
          nicolae_shop_statue_plus, shop, dk_rats_in_the_wall
D:7:      minmay_temple_entry_mist, grunt_ogre_cave, uniq_menkaure
D:8:      enter_bailey_2, basic_altar, guppyfry_early_elven_hall
D:9:      kennysheep_mini, uniq_erica
D:10:     david_lair_generic, uniq_urug
D:11:     kennysheep_orc_monster_closet_entryway
D:12:     hangedman_cross_veins, basic_altar, stair_cage_cross,
          hangedman_decor_points
D:13:     grunt_vaults_entry_tiered, enter_trove_3
D:14:     minmay_door_square
D:15:     grunt_enter_depths_hoard, nicolae_benzene_ring, serial_shops,
          bzr_entry_gold, hex_large, uniq_rupert
Lair:1:   beast_lair_carwin_10
Lair:2:   minmay_shoals_entry_beasts, grunt_megastairs_3, lemuel_fruit_tree,
          lemuel_fruit_fields, serial_bayou_shore_b
Lair:3:   beast_lair_carwin_7
Lair:4:   spider_nest_entry_web_field, uniq_nessos
Lair:5:   portal_ice_cave_entry_imps, grunt_megastairs_5
Lair:6:   hangedman_lair_tendril_chambers, minmay_slime_entry_oklob_open
Shoals:2: shoals_oasis
Shoals:3: uniq_polyphemus
Shoals:4: shoals_end_hangedman, shoal_ilsuiw
Spider:1: spider_trap
Spider:2: minmay_another_anthill, nicolae_spider_cling_ruins
Spider:3: uniq_arachne, uniq_mara
Spider:4: grunt_spider_rune_island
Slime:2:  cheibrodos_slime_lost_civilization_7
Slime:5:  uniq_dissolution
Orc:1:    cheibrodos_orc_arena, basic_altar, serial_shops, nicolae_shop_crystal,
          special_room
Orc:2:    st_orc_ogre_mass, uniq_saint_roka, uniq_sonja
Elf:1:    minmay_the_grid_triangle_9x9_line_8_mashed
Vaults:1: hangedman_vaults_river_flow, v_rooms_2, v_misc_26,
          ontoclasm_vaults_eye, hangedman_vaults_nails, v_misc_2,
          nicolae_vaults_diagonal_hallway_7, uniq_aizul
Vaults:2: nicolae_vaults_hallways_thing, v_misc_24,
          ontoclasm_vaults_ring_square, minmay_crypt_entry_simple_statues,
          nicolae_vaults_yaktaur_gun_rack, ontoclasm_vaults_gateway,
          nicolae_vaults_angled_halls, ontoclasm_vaults_gallery,
          nicolae_vaults_diagonal_hallway_6
Vaults:3: grunt_vaults_focal, nicolae_vaults_quadrants, dpeg_vaults_monster_row,
          v_misc_30, hangedman_vaults_variations, v_misc_25, v_pattern_5,
          ontoclasm_vaults_loading_screen, vaults_standard_mumra_x,
          hangedman_vaults_trim, vaults_room_large_hall
Vaults:4: v_rooms_6, nicolae_vaults_big_angled_halls, v_rooms_3,
          nicolae_vaults_arrows, nicolae_vaults_little_squares_4, st_hourglassy,
          ontoclasm_vaults_claustrophobia, vaults_room_pool, vaults_dpeg_cross,
          dpeg_vaults_monster_box, v_misc_2, nicolae_vaults_twisting_passages,
          serial_shops, shop
Depths:1: enter_ziggurat_b, rand_demon_pan_entry_9, hell_entry, kennysheep_boxes
Depths:2: minmay_haunted_quarter, serial_shops, nicolae_shop_trees, hell_entry,
          minmay_misc_feat_chi
Depths:3: cheibrodos_lost_city_excavation, grunt_pan_entry_zigzag,
          hangedman_geh_valley, kennysheep_another_room, doesnt_xom_only_xom,
          infiniplex_staircase_pillars_1, uniq_jory, uniq_margery
Depths:4: minmay_tri_box, grunt_metal_band, serial_sigils_hangedman_gut,
          hangedman_abyss_entry_splay
Depths:5: grunt_twist_and_shout, hell_entry,
          nicolae_abyss_entry_one_way_or_another, hangedman_decor_lopped,
          minmay_shop_grove
Bazaar:   bazaar_minmay_cross
Bailey:   bailey_polearm_1, bailey
IceCv:    ice_cave_small_dragons

Notes
Turn   | Place    | Note
-------+----------+-------------------------------------------
     0 | D:1      | MothsLongingForFire the Hill Orc Monk began the quest for the Orb.
     0 | D:1      | Reached XP level 1. HP: 19/19 MP: 1/1
   384 | D:1      | Reached XP level 2. HP: 18/27 MP: 2/2
   773 | D:1      | Reached skill level 4 in Fighting
   963 | D:1      | Reached skill level 5 in Axes
   964 | D:1      | Reached XP level 3. HP: 30/33 MP: 3/3
  1198 | D:2      | Found a glowing golden altar of the Shining One.
  1759 | D:2      | Reached XP level 4. HP: 39/41 MP: 4/4
  2035 | D:3      | Noticed Jessica
  2232 | D:3      | Reached skill level 6 in Axes
  2670 | D:3      | Killed Jessica
  2670 | D:3      | Reached XP level 5. HP: 47/47 MP: 5/5
  2891 | D:3      | Found a blossoming altar of Fedhas.
  3078 | D:4      | Reached skill level 5 in Fighting
  3419 | D:4      | Reached skill level 7 in Axes
  3510 | D:4      | Became a worshipper of Beogh the Brigand
  3510 | D:4      | Reached * piety under Beogh
  3510 | D:4      | Reached ** piety under Beogh
  3598 | D:4      | Reached XP level 6. HP: 54/56 MP: 6/6
  3639 | D:4      | Reached skill level 1 in Invocations
  3686 | D:4      | Reached skill level 8 in Axes
  3846 | D:4      | Noticed a moth of wrath
  3849 | D:4      | Found a bloodstained altar of Trog.
  3875 | D:4      | Reached skill level 2 in Invocations
  4123 | D:4      | Found Paprael's Weapon Boutique.
  4151 | D:5      | Entered Level 5 of the Dungeon
  4254 | D:5      | Reached XP level 7. HP: 62/62 MP: 8/8
  4393 | D:5      | Reached skill level 6 in Fighting
  4505 | D:5      | Reached skill level 3 in Invocations
  4539 | D:5      | Reached skill level 9 in Axes
  5108 | D:5      | Got an encrusted war axe
  5109 | D:5      | Identified the +8 war axe of Conservatism {chop, rF++ Int-4 Stlth+} (You found it on level 5 of the Dungeon)
  5530 | D:6      | Found Lainumm's Distillery.
  5538 | D:6      | Bought 2 potions of agility for 96 gold pieces
  5538 | D:6      | Bought a potion of haste for 120 gold pieces
  5538 | D:6      | Bought a potion of degeneration for 12 gold pieces
  5538 | D:6      | Bought a potion of curing for 36 gold pieces
  5538 | D:6      | Bought a potion of curing for 36 gold pieces
  5619 | D:6      | Reached skill level 4 in Invocations
  5619 | D:6      | Reached XP level 8. HP: 64/71 MP: 11/11
  5637 | D:6      | Found Lempurus's Book Shop.
  5649 | D:6      | Found Keemn's Jewellery Shoppe.
  5706 | D:6      | Reached skill level 10 in Axes
  5713 | D:6      | Found Ziskauth's Food Emporium.
  5722 | D:6      | Reached skill level 7 in Fighting
  5863 | D:6      | Reached *** piety under Beogh
  6190 | D:6      | Found a deep blue altar of Sif Muna.
  6190 | D:6      | Found a radiant altar of Vehumet.
  6204 | D:6      | Found Souxkiub's Assorted Antiques.
  6216 | D:6      | Reached skill level 5 in Invocations
  6349 | D:6      | Bought a metallic grey potion for 23 gold pieces
  6606 | D:7      | Reached skill level 11 in Axes
  6703 | D:7      | Reached XP level 9. HP: 81/81 MP: 13/13
  6721 | D:7      | Found a staircase to the Ecumenical Temple.
  6754 | D:7      | Reached skill level 8 in Fighting
  6754 | D:7      | Reached skill level 6 in Invocations
  7015 | D:7      | Noticed Menkaure
  7026 | D:7      | Killed Menkaure
  7232 | D:8      | Found a flagged portal.
  7237 | D:8      | Got a scorched halberd
  7240 | Bailey   | Entered a bailey
  7261 | Bailey   | Identified the +12 halberd of Conscience {holy, +Inv +Fly rF- Dex+2} (You found it on level 8 of the Dungeon)
  7325 | Bailey   | Noticed an orc knight
  7325 | Bailey   | Noticed an orc knight
  7325 | Bailey   | Noticed an orc knight
  7887 | Bailey   | Killed an orc knight
  7887 | Bailey   | Reached skill level 12 in Axes
  7887 | Bailey   | Reached skill level 7 in Invocations
  7906 | Bailey   | Killed an orc knight
  7906 | Bailey   | Reached skill level 9 in Fighting
  8285 | Bailey   | Got bloodstained steam dragon scales
  8304 | Bailey   | Reached skill level 13 in Axes
  8464 | D:8      | Reached skill level 8 in Invocations
  8464 | D:8      | Reached XP level 10. HP: 79/91 MP: 16/16
  8552 | D:8      | Identified the +1 steam dragon scales of Optimism {rElec rPois} (You found it in a bailey)
  8677 | D:8      | Reached skill level 1 in Shields
  8720 | D:8      | Found a glowing silver altar of Zin.
  8794 | D:8      | Noticed a deep elf mage
  8796 | D:8      | Killed a deep elf mage
  8796 | D:8      | Reached skill level 2 in Shields
  9351 | D:9      | Reached **** piety under Beogh
  9354 | D:9      | Reached skill level 14 in Axes
  9491 | D:9      | Reached skill level 9 in Invocations
  9494 | D:9      | Reached skill level 3 in Shields
  9498 | D:9      | Reached skill level 10 in Fighting
  9583 | D:9      | Noticed a two-headed ogre
  9589 | D:9      | Killed a two-headed ogre
  9697 | D:9      | Noticed Erica
  9706 | D:9      | Killed Erica
  9706 | D:9      | Reached skill level 4 in Shields
  9706 | D:9      | Reached XP level 11. HP: 99/101 MP: 18/18
 10187 | D:9      | Found a hazy altar of Hepliaklqana.
 10297 | D:10     | Entered Level 10 of the Dungeon
 10520 | D:10     | Noticed Urug
 10848 | D:10     | Found a staircase to the Lair.
 10856 | D:10     | Reached skill level 15 in Axes
 10869 | D:10     | Reached skill level 10 in Invocations
 10965 | D:10     | Reached skill level 5 in Shields
 11662 | Lair:1   | Entered Level 1 of the Lair of Beasts
 11783 | Lair:1   | Reached skill level 11 in Fighting
 12154 | Lair:1   | Reached ***** piety under Beogh
 12547 | Lair:1   | Reached skill level 16 in Axes
 12553 | Lair:1   | Reached skill level 6 in Shields
 12573 | Lair:1   | Reached skill level 11 in Invocations
 12581 | Lair:1   | Gained Marbork as an ally
 12583 | Lair:1   | Reached XP level 12. HP: 101/110 MP: 20/20
 12970 | Lair:1   | Got an uncursed twisted leather armour
 12981 | Lair:1   | Identified the +3 leather armour of Eternal Vigilance {MR+} (You found it on level 1 of the Lair of Beasts)
 13029 | Lair:2   | Found a staircase to the Shoals.
 13274 | Lair:2   | Noticed a seven-headed hydra
 13286 | Lair:2   | Killed a three-headed hydra
 13286 | Lair:2   | Reached skill level 7 in Shields
 13599 | Lair:2   | Found the +6 Majin-Bo {vamp, Archmagi MP+6 Int+6}
 13821 | Lair:2   | Reached skill level 12 in Fighting
 15055 | Lair:3   | Reached skill level 12 in Invocations
 15118 | Lair:3   | Reached skill level 1 in Armour
 15372 | Lair:4   | Noticed a seven-headed hydra
 15381 | Lair:4   | Killed a five-headed hydra
 15381 | Lair:4   | Reached skill level 2 in Armour
 15381 | Lair:4   | Reached skill level 8 in Shields
 15510 | Lair:4   | Reached skill level 3 in Armour
 15806 | Lair:4   | Found a hole to the Spider Nest.
 15834 | Lair:4   | Noticed Nessos
 15848 | Lair:4   | Killed Nessos
 15848 | Lair:4   | Reached skill level 4 in Armour
 15976 | Lair:4   | Reached XP level 13. HP: 119/119 MP: 22/22
 16378 | Lair:5   | Reached skill level 13 in Fighting
 16405 | Lair:5   | Found a frozen archway.
 16407 | Lair:5   | Reached skill level 9 in Shields
 16450 | IceCv    | Entered an ice cave
 16520 | IceCv    | Reached skill level 13 in Invocations
 16637 | IceCv    | Reached ****** piety under Beogh
 16783 | IceCv    | Reached skill level 5 in Armour
 16945 | IceCv    | Noticed an ice dragon
 16948 | IceCv    | Killed an ice dragon
 16948 | IceCv    | Noticed an ice dragon
 16954 | IceCv    | Killed an ice dragon
 17979 | Lair:5   | Reached skill level 6 in Armour
 19047 | Lair:6   | Entered Level 6 of the Lair of Beasts
 19103 | Lair:6   | Reached skill level 10 in Shields
 19397 | Lair:6   | Reached skill level 14 in Invocations
 19435 | Lair:6   | Reached skill level 14 in Fighting
 19437 | Lair:6   | Reached skill level 7 in Armour
 19883 | Lair:6   | Reached XP level 14. HP: 114/132 MP: 24/24
 20483 | Lair:6   | Found a staircase to the Slime Pits.
 21050 | D:10     | Found a staircase to the Lair.
 22422 | D:11     | Got a twisted chain mail
 22433 | D:11     | Identified the +4 chain mail of Zin's Whim {MR++} (You found it on level 11 of the Dungeon)
 22517 | D:11     | Found a staircase to the Orcish Mines.
 22605 | D:11     | Reached skill level 11 in Shields
 22897 | D:12     | Reached skill level 8 in Armour
 23040 | D:12     | Noticed a vampire knight
 23055 | D:12     | Killed a vampire knight
 23377 | D:12     | Reached skill level 15 in Invocations
 23615 | D:12     | Gained Nordag as an ally
 23818 | D:12     | Found a shattered altar of Ashenzari.
 24034 | D:12     | Gained Ortolf as an ally
 24496 | D:13     | Reached skill level 15 in Fighting
 24678 | D:13     | Reached skill level 9 in Armour
 24779 | D:13     | Gained Wargath as an ally
 24788 | D:13     | HP: 12/135 [titanic slime creature (70)]
 25254 | D:13     | Reached skill level 12 in Shields
 25281 | D:13     | Found a portal to a secret trove of treasure.
 25317 | D:13     | Reached XP level 15. HP: 141/141 MP: 26/26
 25492 | D:13     | Found a gate to the Vaults.
 25889 | D:14     | Gained Okrist as an ally
 26539 | D:15     | Entered Level 15 of the Dungeon
 26548 | D:15     | Found a gateway to a bazaar.
 26553 | D:15     | Noticed Rupert
 26564 | D:15     | Killed Rupert
 26573 | Bazaar   | Entered a bazaar
 26575 | Bazaar   | Found Cimeawuv's Gadget Boutique.
 26579 | Bazaar   | Found Hahiy's Antique Weapon Boutique.
 26579 | Bazaar   | Found Odwatoh's Jewellery Boutique.
 26580 | Bazaar   | Found Liefam's Distillery.
 26610 | Bazaar   | Bought a potion of might for 32 gold pieces
 26610 | Bazaar   | Bought a potion of haste for 80 gold pieces
 26610 | Bazaar   | Bought a potion of curing for 24 gold pieces
 26610 | Bazaar   | Bought a potion of heal wounds for 40 gold pieces
 26610 | Bazaar   | Bought a potion of mutation for 64 gold pieces
 26610 | Bazaar   | Bought a potion of mutation for 64 gold pieces
 26610 | Bazaar   | Bought a potion of berserk rage for 40 gold pieces
 26610 | Bazaar   | Bought a potion of magic for 64 gold pieces
 26610 | Bazaar   | Bought a potion of curing for 24 gold pieces
 26610 | Bazaar   | Bought a potion of berserk rage for 40 gold pieces
 26802 | D:15     | Reached skill level 10 in Armour
 26925 | D:15     | Reached skill level 16 in Invocations
 27331 | D:15     | Found a staircase to the Depths.
 27606 | Orc:1    | Entered Level 1 of the Orcish Mines
 27683 | Orc:1    | Noticed an orc warlord
 27862 | Orc:1    | Killed an orc warlord
 28007 | D:6      | Bought the amulet "Jyuvvopi" {+Rage rC+ MR+ Int+4 Slay+2} for 993 gold pieces
 28007 | D:6      | Bought the ring of Tomorrow {Fire rPois SInv} for 525 gold pieces
 28177 | Spider:1 | Entered Level 1 of the Spider Nest
 29110 | Spider:1 | Reached skill level 16 in Fighting
 30411 | Spider:2 | Reached skill level 13 in Shields
 30440 | Spider:2 | Noticed an emperor scorpion
 30494 | Spider:2 | Killed an emperor scorpion
 30502 | Spider:2 | Reached skill level 11 in Armour
 30995 | Spider:2 | Your ally Wargath died
 31012 | Spider:2 | Your ally Marbork died
 31190 | Spider:2 | Reached XP level 16. HP: 112/152 MP: 28/28
 31193 | Spider:2 | Your ally Nordag died
 31484 | Orc:1    | Found Houtyom's Antique Armour Emporium.
 31539 | Orc:1    | Bought an embroidered scarf for 176 gold pieces
 31819 | Orc:2    | Entered Level 2 of the Orcish Mines
 32019 | Orc:2    | Reached skill level 17 in Invocations
 32031 | Orc:2    | Noticed Saint Roka
 32613 | Orc:2    | Noticed Sonja
 32618 | Orc:2    | Killed Sonja
 33044 | Orc:2    | Found a staircase to the Elven Halls.
 33127 | Orc:2    | Found Kimanuh's Book Emporium.
 33127 | Orc:2    | Found Foahyoma's General Store.
 33794 | Orc:2    | Found Lobocvoe's Book Shoppe.
 33794 | Orc:2    | Found Fufasonybir's Antique Armour Shop.
 33816 | Orc:2    | Bought a faintly humming helmet for 285 gold pieces
 33826 | Orc:2    | Identified the +0 helmet of Death Resistance {*Drain Regen+ Dex+4} (You bought it in a shop on level 2 of the Orcish Mines)
 34103 | Orc:1    | Found a roughly hewn altar of Beogh.
 34776 | Spider:2 | Reached skill level 17 in Fighting
 34943 | Spider:2 | Reached skill level 12 in Armour
 34943 | Spider:2 | Reached skill level 14 in Shields
 35346 | Spider:3 | Noticed Arachne
 35357 | Spider:2 | Killed Arachne
 35466 | Spider:3 | Noticed Mara
 35484 | Spider:3 | Noticed MothsLongingForFire's illusion
 35491 | Spider:2 | Noticed MothsLongingForFire's illusion
 35496 | Spider:2 | Killed Mara
 35496 | Spider:2 | Reached skill level 3 in Dodging
 36188 | Spider:4 | Entered Level 4 of the Spider Nest
 37080 | Spider:4 | Reached skill level 18 in Invocations
 37080 | Spider:4 | Reached XP level 17. HP: 111/162 MP: 0/30
 37837 | Spider:4 | Got a gossamer rune of Zot
 38118 | Spider:4 | Reached skill level 4 in Dodging
 38882 | Vaults:1 | Entered Level 1 of the Vaults
 38891 | Vaults:1 | Reached skill level 1 in Evocations
 38898 | Vaults:1 | Reached skill level 2 in Evocations
 39261 | Vaults:1 | Reached skill level 3 in Evocations
 39357 | Vaults:1 | Reached skill level 4 in Evocations
 39836 | Vaults:1 | Reached skill level 5 in Evocations
 40041 | Vaults:1 | Noticed Aizul
 40055 | Vaults:1 | Killed Aizul
 40055 | Vaults:1 | Reached skill level 18 in Fighting
 40056 | Vaults:1 | Reached skill level 15 in Shields
 40076 | Vaults:1 | Gained Milork as an ally
 41074 | Vaults:2 | Reached skill level 6 in Evocations
 41502 | Vaults:2 | Reached XP level 18. HP: 172/172 MP: 31/31
 41760 | Vaults:2 | Reached skill level 19 in Invocations
 42234 | Vaults:2 | Found a staircase to the Crypt.
 42571 | Vaults:2 | Gained Bogdan as an ally
 42916 | Vaults:3 | Reached skill level 7 in Evocations
 42943 | Vaults:3 | Your ally Bogdan died
 43615 | Vaults:3 | Got a bronze ring mail
 43616 | Vaults:3 | Identified the +4 ring mail of Mysticism {*Corrode Int+4 Dex+3 Stlth+} (You found it on level 3 of the Vaults)
 44583 | Vaults:3 | Reached skill level 8 in Evocations
 44710 | Vaults:3 | Reached skill level 16 in Shields
 44978 | Vaults:3 | Reached skill level 19 in Fighting
 45645 | Vaults:4 | Gained Morbeogh as an ally
 45686 | Vaults:4 | Reached skill level 20 in Invocations
 45696 | Vaults:4 | Reached XP level 19. HP: 101/183 MP: 33/33
 46187 | Vaults:4 | Found Uludorag's General Store.
 46342 | Vaults:4 | Bought a potion of heal wounds for 105 gold pieces
 46601 | Vaults:4 | Gained Dorog as an ally
 46617 | Vaults:4 | Your ally Morbeogh died
 46617 | Vaults:4 | Your ally Dorog died
 46634 | Vaults:4 | Noticed a tentacled monstrosity
 46641 | Vaults:4 | Killed a tentacled monstrosity
 47069 | Vaults:4 | Reached skill level 17 in Shields
 47882 | Elf:1    | Entered Level 1 of the Elven Halls
 48009 | Shoals:1 | Entered Level 1 of the Shoals
 49113 | Shoals:1 | Reached skill level 20 in Fighting
 49737 | Shoals:2 | Reached skill level 21 in Invocations
 50812 | Shoals:3 | Reached skill level 5 in Dodging
 50940 | Shoals:3 | Reached XP level 20. HP: 138/193 MP: 34/34
 51226 | Shoals:3 | Got a bronze scale mail
 51254 | Shoals:3 | Identified the +1 scale mail "Rimpol" {rF- Str+3} (You found it on level 3 of the Shoals)
 51426 | Shoals:3 | Noticed Polyphemus
 51485 | Shoals:3 | Killed Polyphemus
 51820 | Shoals:4 | Entered Level 4 of the Shoals
 51839 | Shoals:4 | Noticed Ilsuiw
 52564 | Shoals:3 | Killed Ilsuiw
 52660 | Shoals:4 | Reached skill level 6 in Dodging
 53688 | Shoals:4 | Found the +3 salamander hide armour {+Rage rF++}
 53929 | Shoals:4 | Reached skill level 18 in Shields
 53989 | Shoals:4 | Got a barnacled rune of Zot
 54312 | Depths:1 | Entered Level 1 of the Depths
 54485 | D:15     | Reached skill level 22 in Invocations
 54892 | Depths:1 | Reached skill level 7 in Dodging
 54910 | Depths:1 | Gained Ogrik as an ally
 55141 | D:15     | Reached skill level 21 in Fighting
 55141 | D:15     | Reached XP level 21. HP: 204/204 MP: 36/36
 55270 | Depths:1 | Found a gateway to a ziggurat.
 55550 | D:15     | Gained Grimold as an ally
 55714 | Depths:1 | Found a gateway to Hell.
 56091 | Depths:1 | Found a one-way gate leading to the halls of Pandemonium.
 56493 | Depths:2 | Found Jyshromec's Antique Armour Shop.
 56514 | Depths:2 | Bought a pair of glowing gloves for 270 gold pieces
 57423 | Depths:2 | Noticed a caustic shrike
 57423 | Depths:2 | Noticed a caustic shrike
 57428 | Depths:2 | Noticed a caustic shrike
 57464 | Depths:1 | Killed a caustic shrike
 57472 | Depths:1 | Killed a caustic shrike
 58138 | Depths:2 | Reached skill level 8 in Dodging
 58138 | Depths:2 | Reached skill level 23 in Invocations
 58204 | Depths:2 | Your ally Milork died
 58205 | Depths:2 | Killed a caustic shrike
 58205 | Depths:2 | Gained Ognian as an ally
 58208 | Depths:2 | Your ally died
 58209 | Depths:2 | Killed a caustic shrike
 58796 | Depths:2 | Got a bloodstained war axe
 58797 | Depths:2 | Identified the +11 war axe of Pestilence {pain, Fragile rF- Str+8 Int+6} (You found it on level 2 of the Depths)
 58804 | Depths:2 | Got a shimmering flail
 58806 | Depths:2 | Identified the +10 flail of the Little People {antimagic, *Corrode rF+ MR++} (You found it on level 2 of the Depths)
 59029 | Depths:3 | Noticed Margery
 59036 | Depths:2 | Killed Margery
 59853 | Depths:3 | HP: 15/205 [lich (illusionary)/bolt of lightning (44)]
 60343 | Depths:3 | Found a shadowy altar of Dithmenos.
 60352 | Depths:3 | Reached XP level 22. HP: 210/213 MP: 37/37
 60368 | Depths:3 | Reached skill level 19 in Shields
 60454 | Depths:3 | Found a shimmering altar of Xom.
 60454 | Depths:3 | Found a basalt altar of Yredelemnul.
 60456 | Depths:3 | Found a hide-covered altar of Uskayaw.
 60456 | Depths:3 | Found a shattered altar of Ashenzari.
 60456 | Depths:3 | Found a bloodstained altar of Trog.
 60495 | Depths:3 | Noticed Jory
 60504 | Depths:3 | Killed Jory
 60868 | Depths:3 | Gained Orbeogh as an ally
 60902 | Depths:4 | Reached skill level 9 in Dodging
 61253 | Depths:3 | Reached skill level 24 in Invocations
 62055 | Depths:4 | Got a pair of dazzling gloves
 62066 | Depths:4 | Identified the +2 pair of gloves of the Vanishing Hells {MR+ Dex+7 SInv} (You found it on level 4 of the Depths)
 62118 | Depths:4 | Found a one-way gate to the infinite horrors of the Abyss.
 62469 | Depths:4 | Your ally Ognian died
 62745 | Depths:4 | Reached skill level 22 in Fighting
 62976 | Depths:4 | Noticed a caustic shrike
 62983 | Depths:4 | Killed a caustic shrike
 63277 | Depths:4 | Noticed a juggernaut
 63283 | Depths:4 | Killed a juggernaut
 63545 | Depths:5 | Entered Level 5 of the Depths
 64429 | Depths:5 | Noticed Louise
 64462 | Depths:5 | Killed Louise
 64699 | Depths:5 | Noticed a golden dragon
 64774 | Depths:4 | Killed a golden dragon
 64974 | Depths:5 | Found a gate to the Realm of Zot.
 65209 | Depths:5 | Found Jifoa's Gadget Shop.
 65209 | Depths:5 | Found Fuczui's Jewellery Shoppe.
 65210 | Depths:5 | Found Fuliazia's Jewellery Shoppe.
 65616 | Vaults:5 | Entered Level 5 of the Vaults
 65844 | Vaults:4 | Reached XP level 23. HP: 166/223 MP: 39/39
 65933 | Vaults:4 | Reached skill level 25 in Invocations
 65985 | Vaults:4 | Reached skill level 10 in Dodging
 66403 | Vaults:5 | Noticed a golden dragon
 66580 | Vaults:4 | Killed a golden dragon
 67461 | Vaults:5 | Reached skill level 20 in Shields
 67634 | Vaults:5 | Found Vional's Antique Armour Shoppe.
 67638 | Vaults:5 | Noticed a golden dragon
 67653 | Vaults:5 | Killed a golden dragon
 67768 | Vaults:4 | >>Take rElec ring instead rC+ ring
 67768 | Vaults:4 | >>rn+ instead of rCorr
 68001 | Vaults:5 | Reached skill level 26 in Invocations
 68662 | Vaults:5 | Reached skill level 23 in Fighting
 68780 | Vaults:5 | Noticed a golden dragon
 68802 | Vaults:4 | Killed a golden dragon
 68869 | Vaults:4 | Reached XP level 24. HP: 235/235 MP: 40/40
 68874 | Vaults:5 | Got a shimmering great sword {holy}
 68875 | Vaults:5 | Identified the +7 great sword of Gallantry {holy, Fragile rC+ rN+} (You took it off a deep elf elementalist on level 5 of the Vaults)
 69012 | Vaults:5 | Bought a pair of runed gloves for 187 gold pieces
 69012 | Vaults:5 | Bought a pair of runed gloves for 187 gold pieces
 69023 | Vaults:5 | Identified the Collected Works on the Evil Entourage
 69146 | Vaults:5 | Found Lumah's Gadget Shoppe.
 69202 | Vaults:5 | Bought a wand of digging (7) for 440 gold pieces
 69253 | Vaults:5 | Found Acser's Gadget Emporium.
 69352 | Vaults:5 | Got a silver rune of Zot
 69589 | Vaults:5 | Got a pitted scale mail
 69590 | Vaults:5 | Identified the +0 scale mail of Daisies {rF+ Str+3 Dex-5} (You found it on level 5 of the Vaults)
 70043 | Depths:5 | Bought the ring "Jeratze" {Ice rElec Dex+3 Slay+2 Stlth+} for 1356 gold pieces
 70043 | Depths:5 | Bought the ring "Vaobuca" {+Fly rN+ Str+3 Stlth+} for 907 gold pieces
 70642 | Slime:1  | Entered Level 1 of the Pits of Slime
 70880 | Slime:5  | Entered Level 5 of the Pits of Slime
 70902 | Slime:4  | HP: 17/235 [acid (8)]
 70902 | Slime:4  | Mangled by an acid blob

Vanquished Creatures
  Mara (Spider:2)
  A golden dragon (Vaults:5)
  3 liches
  3 tentacled monstrosities
  Rupert (D:15)
  Polyphemus (Shoals:3)
  A titan (Vaults:5)
  2 acid blobs (Slime:1)
  A sphinx (Vaults:4)
  A kraken (Shoals:4)
  4 tengu reavers
  2 storm dragons
  2 azure jellies
  Ilsuiw (Shoals:3)
  2 shadow dragons (Depths:4)
  5 fire giants
  A deep elf sorcerer (Vaults:5)
  An iron dragon (Depths:4)
  5 ghost moths
  A draconian shifter (Depths:5)
  An orc warlord (Orc:1)
  11 vault wardens
  4 frost giants
  Louise (Depths:5)
  2 emperor scorpions (Spider:4)
  A deep elf elementalist (Vaults:5)
  A war gargoyle (Vaults:5)
  A spriggan defender (Depths:3)
  5 ironheart preservers
  11 stone giants
  6 very ugly things (D:15)
  A green draconian (Depths:5)
  A deep elf demonologist (Vaults:5)
  3 entropy weavers (Spider:2)
  A vampire knight (Vaults:2)
  A lorocyproca (Depths:1)
  A purple draconian (Depths:5)
  A deep elf annihilator (Vaults:5)
  5 spark wasps
  A red draconian (Depths:5)
  4 merfolk javelineers (Shoals:4)
  A white draconian (Depths:5)
  A deep elf death mage (Vaults:5)
  5 ettins
  3 jiangshi (Depths:3)
  15 merfolk impalers
  7 fire dragons
  An eidolon (Vaults:2)
  4 yaktaur captains
  3 great orbs of eyes
  4 vault guards
  6 ice dragons
  A spriggan air mage (Depths:2)
  6 rakshasas
  An ice dragon (shapeshifter) (Vaults:3)
  3 catoblepae
  5 hydras
  Erica (D:9)
  7 ogre magi
  5 merfolk avatars
  3 alligator snapping turtles
  A dancing weapon (Vaults:5)
  9 centaur warriors
  6 merfolk aquamancers
  23 two-headed ogres
  3 death yaks (Shoals:2)
  A death knight (Vaults:3)
  4 deep troll earth magi
  2 deep troll shamans
  2 vampire magi
  4 tengu warriors (Depths:1)
  Sonja (Orc:2)
  7 deep elf knights
  A storm dragon zombie (Depths:4)
  A titan skeleton (Depths:4)
  An iron troll (Depths:2)
  6 hell knights
  7 shadow wraiths
  17 sea snakes
  A storm dragon skeleton (Vaults:4)
  2 unseen horrors
  4 skeletal warriors (Vaults:2)
  9 flayed ghosts
  A torturous demonspawn (Depths:3)
  10 deep trolls
  7 wizards
  A gelid demonspawn (Depths:1)
  18 ironbrand convokers
  4 glowing orange brains
  4 deep elf archers
  A lindwurm (shapeshifter) (D:12)
  6 orc knights
  10 harpies
  9 orb spiders
  4 phantasmal warriors
  2 necromancers
  23 wolf spiders
  A sphinx skeleton (Depths:4)
  2 oklob plants (Lair:6)
  4 fauns (Shoals:2)
  2 shining eyes
  A shining eye (shapeshifter) (Vaults:2)
  9 cyclopes
  26 ugly things
  12 manticores
  2 salamanders
  2 ice statues (IceCv)
  7 elephants
  3 orc sorcerers
  9 deep elf magi
  A fire giant skeleton (Depths:3)
  10 merfolk sirens
  A guardian serpent (shapeshifter) (Depths:1)
  A guardian serpent (Lair:6)
  2 black mambas
  7 vault sentinels
  5 water nymphs
  A black mamba (shapeshifter) (Vaults:3)
  An orange demon (Depths:1)
  A titan simulacrum (Vaults:4)
  6 spiny frogs
  A kobold demonologist (Orc:1)
  2 torpor snails
  3 komodo dragons
  4 rime drakes
  18 yaktaurs
  2 hellwings
  9 freezing wraiths
  A rime drake (shapeshifter) (Depths:2)
  A red devil (Depths:1)
  8 demonic crawlers
  A meliai (shapeshifter) (Vaults:4)
  5 trolls
  38 merfolk
  A polar bear (shapeshifter) (Depths:5)
  7 wind drakes
  A queen bee (Lair:1)
  14 jumping spiders
  12 hornets
  A tyrant leech (shapeshifter) (Vaults:4)
  2 blink frogs (Lair:2)
  A meliai zombie (D:14)
  11 snapping turtles
  8 dream sheep
  12 hippogriffs
  39 slime creatures
  A flying skull (Vaults:2)
  38 redbacks
  2 spriggans (Depths:3)
  A spriggan simulacrum (Depths:3)
  3 wraiths
  27 yaks
  2 humans (shapeshifter)
  14 humans (D:13)
  14 water elementals
  18 tarantellas
  4 wyverns (Lair:6)
  2 basilisks
  A steam dragon (D:12)
  4 vampire mosquitoes (D:12)
  A warg (shapeshifter) (Vaults:3)
  Menkaure (D:7)
  4 wargs
  16 water moccasins
  5 soldier ants (Spider:2)
  A human skeleton (Depths:4)
  15 porcupines
  A swamp drake (shapeshifter) (Depths:2)
  10 orc warriors
  17 ice beasts
  4 sky beasts
  A black bear (shapeshifter) (Vaults:3)
  3 phantoms
  An ice beast (shapeshifter) (Vaults:1)
  3 black bears
  An eye of draining (Slime:1)
  33 ogres
  18 boggarts
  6 wolves
  22 centaurs
  2 elf skeletons
  13 crocodiles
  15 big kobolds
  A human zombie (Vaults:4)
  2 gnoll sergeants (D:11)
  14 bullfrogs
  A bullfrog (shapeshifter) (Depths:4)
  An ogre simulacrum (Vaults:1)
  2 wyvern zombies
  8 scorpions
  38 killer bees
  3 howler monkeys (D:8)
  7 wights
  An electric eel (Spider:2)
  9 crimson imps
  3 bullfrog zombies
  2 quasits (Depths:3)
  4 centaur skeletons
  An iron imp (Depths:3)
  3 bullfrog skeletons
  6 hounds
  7 orc priests
  Jessica (D:3)
  3 iguanas
  4 orc wizards
  19 worker ants
  A hound zombie (D:11)
  A worker ant zombie (D:10)
  5 gnolls
  A howler monkey skeleton (D:6)
  11 adders
  6 river rats (D:6)
  3 shadow imps
  13 white imps
  An ufetubus (Depths:3)
  An ooze (D:1)
  An adder skeleton (D:6)
  An adder zombie (D:6)
  A worm (D:4)
  5 leopard geckos
  23 orcs
  3 giant cockroaches
  8 goblins
  5 hobgoblins
  6 jackals
  37 kobolds
  2 quokkas
  2 ball pythons
  7 bats
  3 frilled lizards
  3 leopard gecko skeletons
  25 rats
  A butterfly (Lair:2)
  2 fungi
  9 plants
  3 tentacles (Shoals:4)
1368 creatures vanquished.

Vanquished Creatures (collateral kills)
  A juggernaut (Depths:4)
  5 caustic shrikes
  Margery (Depths:2)
  3 golden dragons
  Jory (Depths:3)
  Arachne (Spider:2)
  3 tentacled monstrosities (Vaults:4)
  4 liches
  A titan (Vaults:4)
  A quicksilver dragon (Vaults:4)
  4 sphinxes
  2 tengu reavers
  4 shadow dragons
  A deep elf sorcerer (Vaults:4)
  2 frost giants (Vaults:4)
  5 fire giants
  2 iron dragons (Vaults:4)
  4 vault wardens
  Aizul (Vaults:1)
  2 emperor scorpions
  4 spriggan defenders (Depths:3)
  9 ironheart preservers
  4 war gargoyles (Vaults:4)
  A vampire knight (D:12)
  Nessos (Lair:4)
  15 very ugly things
  6 slime creatures
  12 stone giants
  A green draconian (Depths:4)
  2 deep elf demonologists
  2 yellow draconians (Depths:4)
  4 spark wasps
  A red draconian (Depths:4)
  A blizzard demon (Depths:3)
  9 ettins
  2 fire dragons
  2 crystal guardians (Vaults:4)
  2 deep elf death magi
  2 deep elf high priests (Vaults:4)
  3 ogre magi
  2 yaktaur captains
  5 hydras
  A great orb of eyes (Depths:1)
  An ice dragon (shapeshifter) (Vaults:4)
  3 ice dragons
  32 vault guards
  3 spriggan air magi
  2 rakshasas
  6 centaur warriors
  An alligator snapping turtle (shapeshifter) (Vaults:4)
  A queen ant (Spider:2)
  3 deep troll shamans
  4 deep troll earth magi
  8 two-headed ogres
  An orc high priest (Orc:2)
  7 hell knights
  3 deep elf knights
  A skeletal warrior (Vaults:2)
  8 orc knights
  3 iron trolls
  A glowing orange brain (shapeshifter) (Vaults:3)
  A glowing orange brain (Vaults:4)
  9 deep trolls
  15 ironbrand convokers
  A flayed ghost (Vaults:3)
  A wizard (Depths:2)
  A sphinx zombie (Vaults:4)
  6 phantasmal warriors
  5 necromancers
  3 orb spiders (Spider:4)
  24 ugly things
  2 harpies (Vaults:4)
  A wolf spider (shapeshifter) (Depths:4)
  12 wolf spiders
  An orc sorcerer (Orc:2)
  A cyclops (Vaults:1)
  8 deep elf magi
  A salamander (Depths:3)
  A salamander (shapeshifter) (D:13)
  A moth of wrath (shapeshifter) (Vaults:4)
  6 black mambas
  A centaur zombie (D:14)
  10 vault sentinels
  A storm dragon simulacrum (Vaults:4)
  2 torpor snails (Spider:2)
  A titan simulacrum (Depths:3)
  3 centaur skeletons
  4 spiny frogs
  2 freezing wraiths (Vaults:4)
  2 komodo dragons
  A komodo dragon (shapeshifter) (Vaults:4)
  An efreet (D:14)
  A spiny frog (shapeshifter) (Vaults:4)
  15 yaktaurs
  An ice devil (Depths:3)
  3 trolls
  A polar bear (Lair:6)
  8 jumping spiders
  A shadow dragon simulacrum (Vaults:4)
  10 hornets
  A raiju (shapeshifter) (Vaults:1)
  A blink frog (Lair:2)
  3 dream sheep (Lair:6)
  12 redbacks
  7 hippogriffs
  4 tarantellas
  2 wraiths
  3 yaks (shapeshifter)
  A spriggan (shapeshifter) (Depths:1)
  3 basilisks
  A ynoxinul (Depths:3)
  7 wyverns
  6 humans
  4 spriggans (Depths:3)
  25 yaks
  3 fire elementals (Depths:2)
  A hog (shapeshifter) (Vaults:4)
  A vampire mosquito (D:12)
  An acid dragon (shapeshifter) (Depths:4)
  6 water moccasins
  5 wargs
  4 soldier ants (Spider:2)
  3 sky beasts
  13 orc warriors
  A phantom (D:8)
  3 boggarts
  4 wolves
  4 centaurs
  15 ogres
  2 crocodiles
  3 big kobolds
  3 bullfrogs
  A gnoll sergeant (D:11)
  6 killer bees
  3 wights
  4 crimson imps
  A hound (shapeshifter) (Vaults:4)
  A human simulacrum (Vaults:4)
  3 hounds
  An orc priest (Orc:2)
  An iguana (D:11)
  8 worker ants
  A hound skeleton (D:9)
  2 gnolls (Orc:2)
  A gnoll (shapeshifter) (Depths:4)
  4 shadow imps
  An adder zombie (D:10)
  An adder skeleton (D:9)
  A leopard gecko (D:9)
  5 orcs
  3 kobolds
  A butterfly (Lair:2)
  2 fungi
  9 plants
607 creatures vanquished.

Vanquished Creatures (others)
  A lich (Depths:3)
  Urug (Depths:2)
  3 orc warlords
  A stone giant (Depths:3)
  10 orc knights
  6 yaktaur captains
  4 orc sorcerers
  2 centaur warriors
  A satyr (Shoals:3)
  A deep elf knight (Vaults:5)
  A necromancer (Vaults:4)
  An ironbrand convoker (Vaults:4)
  13 orc warriors
  A cyclops (Shoals:4)
  A water nymph (Shoals:4)
  7 yaktaurs
  A soldier ant (Spider:2)
  A boggart (Vaults:1)
  9 centaurs
  11 orc priests
  14 orc wizards
  47 orcs
  12 fungi (Lair:6)
  25 plants
  5 tentacles (Shoals:4)
179 creatures vanquished.

Grand Total: 2154 creatures vanquished

Table legend:
 A = Turns spent in this place as a percentage of turns spent in the entire game.
 B = Non-inter-level travel turns spent in this place as a percentage of non-inter-level travel turns spent in the entire game.
 C = Inter-level travel turns spent in this place as a percentage of turns spent in this place.
 D = Turns resting spent in this place as a percentage of non-inter-level travel turns spent in this place.
 E = Turns spent auto-exploring this place as a percentage of non-inter-level travel turns spent in this place.
 F = Non-inter-level travel turns spent in this place divided by the number of levels of this place that you've seen.
                   A       B       C       D       E      F
               +-------+-------+-------+-------+-------+----------------------
         Total | 100.0 | 100.0 |   8.7 |  34.0 |  38.0 | 1294.3
       Dungeon |  29.0 |  27.3 |  14.3 |  29.4 |  46.9 | 1176.1
          Lair |  12.7 |  12.9 |   7.8 |  29.6 |  50.9 | 1386.7
        Shoals |   8.2 |   8.6 |   4.8 |  25.7 |  41.4 | 1390.5
   Spider Nest |  10.6 |  10.9 |   6.4 |  38.1 |  39.8 | 1766.2
    Slime Pits |   0.4 |   0.4 |   0.0 |  40.4 |   5.8 |  52.0
  Orcish Mines |   3.6 |   3.7 |   6.3 |  41.7 |  29.1 | 1190.5
   Elven Halls |   0.0 |   0.0 |  12.5 |   0.0 |  14.3 |   7.0
        Vaults |  18.0 |  18.3 |   6.9 |  41.5 |  28.8 | 2374.0
        Depths |  14.6 |  14.9 |   7.1 |  32.6 |  27.4 | 1927.6
        Bazaar |   0.1 |   0.1 |   0.0 |   0.0 |  43.6 |  55.0
        Bailey |   1.6 |   1.8 |   0.0 |  65.1 |   3.0 | 1158.0
      Ice Cave |   1.1 |   1.2 |   0.0 |  41.9 |  21.2 | 759.0
               +-------+-------+-------+-------+-------+----------------------

Table legend:
 A = Spawn XP
 B = Non-spawn XP
 C = Spawn XP percentage of total XP
 D = Spawn monster count
 E = Non-spawn monster count
 F = Spawn count percentage of total count
 G = Total turns spent on level
                    A         B        C        D         E        F      G
               +---------+---------+-------+---------+---------+-------+---------
         Total |       0 |  858127 |   0.0 |       0 |    1980 |   0.0 | 70902
               +---------+---------+-------+---------+---------+-------+---------
           D:1 |       0 |      34 |   0.0 |       0 |      18 |   0.0 |  1122
           D:2 |       0 |      57 |   0.0 |       0 |      19 |   0.0 |   939
           D:3 |       0 |      89 |   0.0 |       0 |      18 |   0.0 |  1142
           D:4 |       0 |     397 |   0.0 |       0 |      16 |   0.0 |   948
           D:5 |       0 |     547 |   0.0 |       0 |      14 |   0.0 |  1401
           D:6 |       0 |     949 |   0.0 |       0 |      43 |   0.0 |  1193
           D:7 |       0 |     796 |   0.0 |       0 |      17 |   0.0 |   710
           D:8 |       0 |    1905 |   0.0 |       0 |      23 |   0.0 |   977
           D:9 |       0 |    3883 |   0.0 |       0 |      36 |   0.0 |  1562
          D:10 |       0 |    2713 |   0.0 |       0 |      38 |   0.0 |  2200
          D:11 |       0 |    2935 |   0.0 |       0 |      35 |   0.0 |  1792
          D:12 |       0 |   11790 |   0.0 |       0 |      42 |   0.0 |  1554
          D:13 |       0 |   12960 |   0.0 |       0 |      63 |   0.0 |  2063
          D:14 |       0 |    4792 |   0.0 |       0 |      28 |   0.0 |  1012
          D:15 |       0 |   46413 |   0.0 |       0 |      78 |   0.0 |  1966
        Lair:1 |       0 |    5571 |   0.0 |       0 |      52 |   0.0 |  1485
        Lair:2 |       0 |    4567 |   0.0 |       0 |      19 |   0.0 |  1720
        Lair:3 |       0 |    1122 |   0.0 |       0 |      10 |   0.0 |   944
        Lair:4 |       0 |    8025 |   0.0 |       0 |      26 |   0.0 |  1255
        Lair:5 |       0 |    6278 |   0.0 |       0 |      36 |   0.0 |  2237
        Lair:6 |       0 |   16610 |   0.0 |       0 |      75 |   0.0 |  1387
      Shoals:1 |       0 |   13667 |   0.0 |       0 |      26 |   0.0 |  1465
      Shoals:2 |       0 |   18910 |   0.0 |       0 |      38 |   0.0 |  1172
      Shoals:3 |       0 |   23167 |   0.0 |       0 |      39 |   0.0 |  1675
      Shoals:4 |       0 |   40202 |   0.0 |       0 |      68 |   0.0 |  1531
      Spider:1 |       0 |   13186 |   0.0 |       0 |      42 |   0.0 |  2962
      Spider:2 |       0 |   31725 |   0.0 |       0 |      83 |   0.0 |  2145
      Spider:3 |       0 |    5093 |   0.0 |       0 |      13 |   0.0 |   831
      Spider:4 |       0 |   27046 |   0.0 |       0 |      59 |   0.0 |  1607
       Slime:1 |       0 |   12076 |   0.0 |       0 |      22 |   0.0 |   186
       Slime:3 |       0 |    4758 |   0.0 |       0 |       9 |   0.0 |    21
       Slime:5 |       0 |    1659 |   0.0 |       0 |       5 |   0.0 |    21
         Orc:1 |       0 |    9124 |   0.0 |       0 |      44 |   0.0 |  1515
         Orc:2 |       0 |   16336 |   0.0 |       0 |      43 |   0.0 |  1027
      Vaults:1 |       0 |   29966 |   0.0 |       0 |      69 |   0.0 |  1901
      Vaults:2 |       0 |   26436 |   0.0 |       0 |      49 |   0.0 |  1946
      Vaults:3 |       0 |   42912 |   0.0 |       0 |      89 |   0.0 |  2749
      Vaults:4 |       0 |  133315 |   0.0 |       0 |     224 |   0.0 |  4473
      Vaults:5 |       0 |   62341 |   0.0 |       0 |      46 |   0.0 |  1684
      Depths:1 |       0 |   41415 |   0.0 |       0 |      61 |   0.0 |  2052
      Depths:2 |       0 |   41070 |   0.0 |       0 |      63 |   0.0 |  2503
      Depths:3 |       0 |   52099 |   0.0 |       0 |      79 |   0.0 |  1955
      Depths:4 |       0 |   49043 |   0.0 |       0 |      52 |   0.0 |  2623
      Depths:5 |       0 |   22940 |   0.0 |       0 |      22 |   0.0 |  1237
        Bailey |       0 |    1647 |   0.0 |       0 |       9 |   0.0 |  1158
         IceCv |       0 |    5561 |   0.0 |       0 |      20 |   0.0 |   759
               +---------+---------+-------+---------+---------+-------+---------
